 Dungeon Crawl Stone Soup version 0.28-a0-653-g7e9dba17c3 (webtiles) character file.

Game seed: 1280876057968825533

541 ryw the Skirmisher (level 7, -5/55 HPs)
             Began as a Demonspawn Gladiator on Oct 11, 2021.
             Slain by an ogre (22 damage)
             ... on level 5 of the Dungeon.
             The game lasted 00:05:53 (5172 turns).

ryw the Skirmisher (Demonspawn Gladiator)           Turns: 5172, Time: 00:05:54

Health: -5/55      AC:  8    Str: 15    XL:     7   Next: 5%
Magic:  7/7        EV:  5    Int:  9    God:
Gold:   200        SH:  0    Dex: 16    Spells: 6/6 levels left

rFire   . . .      SeeInvis .   q - +1 falchion (freeze)
rCold   . . .      Faith    .   z - +0 tower shield
rNeg    . . .      Spirit   .   y - +0 scale mail
rPois   .          Reflect  .   (helmet restricted)
rElec   .          Harm     .   (no cloak)
rCorr   .          Rampage  .   (no gloves)
Will    .....                   (no boots)
Stlth   ..........              (no amulet)
HPRegen 0.18/turn               (no ring)
MPRegen 0.10/turn               (no ring)

@: confused
A: horns 1, slimy green scales 1, spiny 1
a: no special abilities


You were on level 5 of the Dungeon.
You visited 1 branch of the dungeon, and saw 5 of its levels.

You collected 200 gold pieces.

Inventory:

Hand Weapons
 q - a +1 falchion of freezing (weapon)
Missiles
 b - 4 curare-tipped darts
 c - 3 throwing nets
 m - 10 poisoned darts (quivered)
Armour
 y - a +0 scale mail (worn)
 z - a +0 tower shield (worn)
Jewellery
 i - a ring of magical power
 p - a ring of poison resistance
 r - a ring of ice
 s - a ring of magical power
Wands
 a - a wand of iceblast (13)
 l - a wand of paralysis (7)
Scrolls
 d - 2 scrolls of teleportation {unknown}
 e - a scroll of amnesia {unknown}
 h - 2 scrolls of fog {unknown}
 o - a scroll of identify {unknown}
 t - a scroll of vulnerability {unknown}
 w - 3 scrolls of enchant weapon {unknown}
 x - a scroll of brand weapon {unknown}
Potions
 f - 2 potions of heal wounds {unknown}
 g - a potion of degeneration {unknown}
 j - a potion of haste {unknown}
 k - a potion of ambrosia {unknown}
 n - a potion of curing {unknown}
 u - a potion of might {unknown}
 v - 2 potions of magic {unknown}


   Skills:
 - Level 4.7 Fighting
 * Level 4.3 Long Blades
 - Level 1.7 Throwing
 + Level 1.5 Armour
 - Level 3.7 Dodging
 + Level 0.0 Shields
 - Level 2.6 Unarmed Combat


You had 6 spell levels left.
You didn't know any spells.
Your spell library contained the following spells:

 Spells                   Type           Power      Damage    Failure   Level
 Static Discharge         Conj/Air       0%         N/A       100%        2
 Dispel Undead            Necr           0%         3d6       100%        4
 Sticky Flame             Conj/Fire      0%         2d3       100%        4


Dungeon Overview and Level Annotations

Branches:
Dungeon (5/15)
 Temple: D:4-7

Altars:
Kikubaaqudgha
Qazlal
Uskayaw

Shops:
D:2 **

Annotations:
D:3 2 runed translucent doors, SkeletonJelly's ghost, amateur OpHu


Innate Abilities, Weirdness & Mutations

You have a pair of small horns on your head.
You are partially covered in slimy green scales. (AC +2)
You are partially covered in sharp spines.


Message History

You finish putting on your +0 tower shield.
You open the large door.
An orc wizard and an ogre come into view.
Found 14 gold pieces and a bubbling emerald potion.
An orc comes into view. It is wielding a +0 mace.
Found a scroll labelled OGYCLO GYJA.
The orc shouts!
There is a large open door here.
You enter the shallow water.
Moving in this stuff is going to be slow.
The orc wizard points at you and mumbles some strange words.
The magic dart hits you.
The orc wizard hits you but does no damage.
Your unstable footing causes you to fumble your attack.
The orc wizard hits you with a +0 dagger.
The orc wizard is struck by your spines.
The orc wizard hits you with a +0 dagger.
You hit the orc wizard but do no damage.
Your headbutt misses the orc wizard.
The orc wizard is moderately wounded.
The orc wizard is struck by your spines.
The orc wizard barely misses you. The ogre is struck by your spines.
The ogre hits you with a +0 giant club!
You hit the orc wizard. You freeze the orc wizard.
The orc wizard is almost dead.
You block the orc wizard's attack. You block the orc's attack.
The orc wizard points at you and mumbles some strange words.
The puff of flame hits you.
The ogre hits you with a +0 giant club!!
* * * LOW HITPOINT WARNING * * *
The orc is struck by your spines. The orc barely misses you.
The orc wizard casts a spell at you.
You are confused.
There is a large open door here.
The ogre is struck by your spines. The ogre barely misses you.
You hit the ogre. You freeze the ogre. Your headbutt misses the ogre.
The ogre is moderately wounded.
The ogre is struck by your spines.
The ogre hits you with a +0 giant club!!
You die...

#≈.####!≈# #.+..####..+
#.+..####..+
#.#≈$####.≈#
#.#≈......≈#
#.#≈≈≈..o≈≈#
#.####''####.
#......Oo##..
##......@.#...
#............... ##
##.............. †#
##### ##............. .#
#...#####.#...>.....#
.###....##.###........#.
........................
###..........#..........
.............##.......


You could see an ogre, an orc wizard and an orc.

Vanquished Creatures
  An ice beast (D:4)
  2 vampire bats (D:5)
  A bullfrog zombie (D:5)
  A jelly (D:4)
  2 centaur skeletons
  2 iguanas (D:4)
  An orc wizard (D:5)
  A howler monkey zombie (D:5)
  9 adders
  An adder zombie (D:5)
  2 worms
  A dart slug (D:4)
  4 orcs
  2 ball pythons
  12 bats
  8 endoplasms
  3 giant cockroaches
  6 goblins
  5 hobgoblins
  3 kobolds
  5 quokkas
  2 frilled lizards
  9 rats
83 creatures vanquished.

Notes
Turn   | Place    | Note
-------+----------+-------------------------------------------
     0 | D:1      | ryw the Demonspawn Gladiator began the quest for the Orb.
     0 | D:1      | Reached XP level 1. HP: 16/16 MP: 1/1
  1261 | D:2      | Gained mutation: You are partially covered in sharp spines.
                  | [demonic ancestry]
  1261 | D:2      | Reached XP level 2. HP: 23/23 MP: 2/2
  1412 | D:2      | Reached XP level 3. HP: 26/29 MP: 3/3
  1471 | D:2      | Found Dulo's Assorted Antiques.
  1553 | D:2      | Found a faded altar of an unknown god.
  1715 | D:2      | Found Jeoxunk's Assorted Antiques.
  2009 | D:2      | Gained mutation: You have a pair of small horns on your
                  | head. [demonic ancestry]
  2009 | D:2      | Reached XP level 4. HP: 38/38 MP: 4/4
  2819 | D:3      | Found a large runed translucent door.
  3309 | D:3      | Found a large runed translucent door.
  3309 | D:3      | Noticed SkeletonJelly's ghost (amateur OpHu)
  3856 | D:4      | Reached skill level 1 in Long Blades
  3856 | D:4      | Reached XP level 5. HP: 39/43 MP: 5/5
  3910 | D:4      | Found an ancient bone altar of Kikubaaqudgha.
  4027 | D:4      | Found a stormy altar of Qazlal.
  4299 | D:4      | Noticed an ice beast
  4313 | D:4      | Killed an ice beast
  4314 | D:4      | Reached XP level 6. HP: 23/49 MP: 6/6
  4537 | D:4      | Found a hide-covered altar of Uskayaw.
  4661 | D:5      | Entered Level 5 of the Dungeon
  5081 | D:5      | Reached skill level 1 in Armour
  5115 | D:5      | Gained mutation: You are partially covered in slimy green
                  | scales. (AC +2) [demonic ancestry]
  5115 | D:5      | Reached XP level 7. HP: 54/55 MP: 7/7
  5172 | D:5      | Slain by an ogre

Illustrated notes

Levels and vault maps discovered:
D:1:      dpeg_arrival_round_c, layout_loops_corners
D:2:      layout_loops_ring, serial_shops, nicolae_shop_stone, shop_statue,
          shapermc_ecumenical_altar_mp_highgroup, minmay_goblin_kobold_house
D:3:      layout_loops_corners, ebering_ghost_disaster_area, minmay_vboxes
D:4:      layout_cave_pools, kennysheep_little_box,
          mainiacjoe_overflow_concentric_impassable,
          nicolae_qazlal_scattered_showers, kennysheep_cluttered_room
D:5:      layout_cave_pools, nicolae_ru_path_of_blood, tso_oasis_becter,
          roderic_batcave, kennysheep_generic_room_6, uniq_menkaure

Skill      XL: |  1  2  3  4  5  6 |
---------------+-------------------+-----
Fighting       | 3 4 |  4.7
Long Blades    | 1 3 4 |  4.3
Dodging        | 3 |  3.7
Armour         | 1 |  1.5
Throwing       | |  1.7
Unarmed Combat | |  2.6

Action                   |  1- 3 |  4- 6 |  7- 9 || total
-------------------------+-------+-------+-------++-------
Melee: Unarmed           |    78 |    37 |       ||   115
       Falchion          |       |    94 |     7 ||   101
       Headbutt          |       |    18 |       ||    18
       Punch             |       |     3 |       ||     3
  Use: Potion            |       |     1 |       ||     1
 Stab: Sleeping          |     1 |     1 |       ||     2
Armor: Leather armour    |    19 |    18 |       ||    37
       Scale mail        |       |    15 |     1 ||    16
Dodge: Dodged            |    45 |    70 |     4 ||   119
Block: Tower shield      |       |       |     2 ||     2

Table legend: (Time is in decaauts)
 A = Elapsed time spent in this place.
 B = Non-inter-level travel time spent in this place.
 C = Inter-level travel time spent in this place.
 D = Time resting spent in this place.
 E = Time spent auto-exploring this place.
 F = Levels seen in this place.
 G = Mean time per level.
                   A        B        C        D        E       F      G
               +--------+--------+--------+--------+--------+-----+--------+
         Total |   5186 |   5097 |     89 |    967 |   3530 |   5 | 1037.2 |
       Dungeon |   5186 |   5097 |     89 |    967 |   3530 |   5 | 1037.2 |
               +--------+--------+--------+--------+--------+-----+--------+

Top non-repeatable levels by time:
     D:4: 1356 daAuts
     D:1: 1230 daAuts
     D:2: 1199 daAuts
     D:3: 1061 daAuts
     D:5: 338 daAuts
